 Dungeon Crawl Stone Soup version 0.31-a0-848-gaac375c287 (webtiles) character file.

Game seed: 2300048971485680109

236 javelincjr the Changeling (level 5, 0/48 HPs)
             Began as a Troll Shapeshifter on Oct 4, 2023.
             Slain by a gnoll sergeant
             ... wielding a +0 spear
              (4 damage)
             ... on level 3 of the Dungeon.
             The game lasted 00:06:24 (1811 turns).

javelincjr the Changeling (Troll Shapeshifter)      Turns: 1811, Time: 00:06:25

Health: 0/48       AC:  5    Str: 24    XL:     5   Next: 77%
Magic:  4/4        EV: 10    Int:  6    God:
Gold:   162        SH:  0    Dex:  9    Spells: 4/4 levels left

rFire   . .          .
                       - Unarmed
rCold   . . .        (no shield)
rNeg    . . .        a - +1 animal skin
rPois   +            (helmet currently unavailable)
rElec   .            (cloak currently unavailable)
rCorr   .            (gloves unavailable)
SInv    .            (boots unavailable)
Will    .....        (no amulet)
Stlth   +            m - ring of poison resistance
HPRegen 1.08/turn    (no ring)
MPRegen 0.09/turn

%: no passive effects
@: beast-form
A: beast (slay +3), large, unfitting armour, claws 3, regeneration 1, shaggy fur
1, tough skin 1
a: Begin Untransformation


You were on level 3 of the Dungeon.
You were a hulking beast.
You visited 1 branch of the dungeon, and saw 3 of its levels.

You collected 162 gold pieces.

Inventory:

Missiles
 e - 37 stones
 g - 11 poisoned darts
 v - 3 boomerangs
Armour
 a - a +1 animal skin (worn)
Jewellery
 m - a ring of poison resistance (left claw)
 r - a ring of ice
 u - a ring of protection from fire
Talismans
 c - a beast talisman (active)
 d - a flux talisman
Scrolls
 k - a scroll of enchant armour
 l - 2 scrolls of noise
 p - a scroll of teleportation
Potions
 b - a potion of lignification
 h - 2 potions of haste
 i - 2 potions of curing {unknown}
 n - 2 potions of mutation {unknown}
 s - 4 potions of heal wounds {unknown}


   Skills:
 - Level 1.4 Fighting
 - Level 2.1 Dodging
 - Level 3.4 Unarmed Combat
 + Level 5.4 Shapeshifting


You had 4 spell levels left.
You didn't know any spells.
Your spell library contained the following spells:

 Spells                   Type           Power      Damage    Failure   Level
 Inner Flame              Hex/Fire       0%         N/A       83%         3
 Yara's Violent Unravell  Hex/Tmut       0%         3d3       100%        5
 Enfeeble                 Hex            0%         N/A       100%        7


Dungeon Overview and Level Annotations

Branches:
Dungeon (3/15)

Altars:
Qazlal

Shops:
D:3 :


Innate Abilities, Weirdness & Mutations

You are a hulking beast.
Your limbs bulge with bestial killing power. (Slay +3)
You are too large for most types of armour.
You have claws for hands.
Your natural rate of healing is unusually fast.
You are covered in fur. (AC +1)
You have tough skin. (AC +1)


Message History

The gnoll hits you from afar with a +0 spear.
You scratch the gnoll.
The gnoll is lightly wounded.
You barely miss the gnoll.
The gnoll is lightly wounded.
The gnoll misses you. The gnoll hits you with a +0 club.
The gnoll barely misses you.
You scratch the gnoll.
The gnoll is heavily wounded.
The gnoll hits you with a +0 club. The gnoll misses you.
The gnoll closely misses you.
You claw the gnoll!
You kill the gnoll!
The gnoll barely misses you.
The gnoll hits you from afar with a +0 spear.
You are too injured to fight recklessly!
You are too injured to fight recklessly!
You scratch the gnoll but do no damage. The gnoll barely misses you.
The gnoll hits you from afar with a +0 spear.
You scratch the gnoll.
The gnoll is moderately wounded.
The gnoll hits you with a +0 club.
You scratch the gnoll.
The gnoll is severely wounded.
The gnoll hits you with a +0 club.
* * * LOW HITPOINT WARNING * * *
You claw the gnoll!
You kill the gnoll!
The gnoll sergeant hits you from afar with a +0 spear!
* * * LOW HITPOINT WARNING * * *
The gnoll sergeant barely misses you.
The gnoll hits you from afar with a +0 spear.
* * * LOW HITPOINT WARNING * * *
There is an open door here.
Things that are here:
a +0 club; a gnoll corpse You claw the gnoll sergeant!
The gnoll sergeant is severely wounded.
The gnoll sergeant hits you with a +0 spear.
You die...

...# ####### . ...########.....#
. ...........^....# #S
................# ##.B
................##############gr#
................##..........†gg#
#...............##r..w.....#####
...............)hggS....>..#
#.####.####.....##B........#
..####.####.....##.........#
..............####.........#
.......#........ #.........#
######.......# #...##.....##
.....##......# ###.##.....#
#.##.8#......# #(##.....#
#.##..#.[....# #.##'##


You could see a gnoll sergeant, a worm, a gnoll, a giant cockroach, a ball
python and a rat.

Vanquished Creatures
  An orc priest (D:3)
  A jelly (D:3)
  Terence (D:3)
  An orc wizard (D:3)
  2 gnolls (D:3)
  4 adders
  A worm (D:2)
  A dart slug (D:2)
  5 orcs (D:3)
  3 ball pythons
  6 endoplasms
  2 giant cockroaches (D:1)
  6 goblins
  5 hobgoblins
  5 jackals (D:2)
  A quokka (D:2)
  6 bats
  6 frilled lizards
  4 kobolds
  7 rats
68 creatures vanquished.

Notes
Turn   | Place    | Note
-------+----------+-------------------------------------------
     0 | D:1      | javelincjr the Troll Shapeshifter began the quest for the
                  | Orb.
     0 | D:1      | Reached XP level 1. HP: 18/18 MP: 0/0
   162 | D:1      | Reached skill level 1 in Fighting
   222 | D:1      | Reached XP level 2. HP: 27/27 MP: 1/1
   816 | D:2      | Reached XP level 3. HP: 32/33 MP: 2/2
  1402 | D:3      | Reached XP level 4. HP: 41/41 MP: 3/3
  1406 | D:3      | Reached skill level 4 in Shapeshifting
  1493 | D:3      | Found a transporter.
  1495 | D:3      | Found a stormy altar of Qazlal.
  1495 | D:3      | Found a transporter.
  1529 | D:3      | Noticed Terence
  1547 | D:3      | Killed Terence
  1548 | D:3      | Reached XP level 5. HP: 41/48 MP: 4/4
  1587 | D:3      | Found Ycruitac's Book Shoppe.
  1628 | D:3      | Reached skill level 5 in Shapeshifting
  1811 | D:3      | Slain by a gnoll sergeant

Illustrated notes

Levels and vault maps discovered:
D:1:      dpeg_arrival_long_road, layout_loops_ring, dk_noncrumbling_4
D:2:      minmay_skewed_foursquare, layout_loops_cross, minmay_surrounded
D:3:      layout_basic, gammafunk_temple_overflow_arena, serial_shops,
          nicolae_shop_crystal, portal_sewer_entry_b,
          kennysheep_generic_room_15, uniq_terence

Skill      XL: |  1  2  3  4  5 |
---------------+----------------+-----
Fighting       | 1 |  1.4
Dodging        | 2 |  2.1
Shapeshifting  | 4 5 |  5.4
Unarmed Combat | |  3.4

Action                     |  1- 3 |  4- 6 || total
---------------------------+-------+-------++-------
  Melee: Unarmed           |   112 |    64 ||   176
         Punch             |     1 |       ||     1
    Use: Scroll            |       |    10 ||    10
 Armour: Animal skin       |    68 |    55 ||   123
  Dodge: Dodged            |    52 |    36 ||    88

Table legend: (Time is in decaauts)
 A = Elapsed time spent in this place.
 B = Non-inter-level travel time spent in this place.
 C = Inter-level travel time spent in this place.
 D = Time resting spent in this place.
 E = Time spent auto-exploring this place.
 F = Levels seen in this place.
 G = Mean time per level.
                   A        B        C        D        E       F      G
               +--------+--------+--------+--------+--------+-----+--------+
         Total |   1798 |   1796 |      2 |      3 |   1200 |   3 |  599.3 |
       Dungeon |   1798 |   1796 |      2 |      3 |   1200 |   3 |  599.3 |
               +--------+--------+--------+--------+--------+-----+--------+

Top non-repeatable levels by time:
     D:1: 696 daAuts
     D:2: 682 daAuts
     D:3: 419 daAuts
